TOP OF THE 1ST |
Brooklyn Cyclones batting - Pitching for Los Angeles (NYP) Dodgers : RHP Paul Schaecher
|
Pitching: RHP Paul Schaecher
|
|
Batting: LHB Elmo Dreier
|
0-0: Ball 1-0: Called Strike 1-1: SINGLE (Groundball, 3S, EV 74.4 MPH) (infield hit)
|
Batting: RHB Jack Nickleberry
|
Pickoff Throw to First - Out! 1-3 0-0: Called Strike 0-1: Foul Ball, location: 2F 0-2: Strikes out swinging
|
Batting: LHB Miguel Ramos
|
0-0: Ball 1-0: Ball 2-0: Foul Ball, location: 2F 2-1: Foul Ball, location: 2F 2-2: Ball 3-2: Foul Ball, location: 2F 3-2: Base on Balls
|
Batting: RHB Ryan Marler
|
0-0: Called Strike 0-1: Swinging Strike 0-2: Ball 1-2: Strikes out looking
|
Top of the 1st over - 0 runs, 1 hit, 0 errors, 1 left on base; Brooklyn 0 - Los Angeles (NYP) 0 |
BOTTOM OF THE 1ST |
Los Angeles (NYP) Dodgers batting - Pitching for Brooklyn Cyclones : RHP David Mejia
|
Pitching: RHP David Mejia
|
|
Batting: RHB Chad Rojas
|
0-0: Called Strike 0-1: Ground out 5-3 (Groundball, 56S, EV 64.4 MPH)
|
Batting: RHB Adam Maczko
|
0-0: Ball 1-0: Ground out U3 (Groundball, 3L, EV 82.5 MPH)
|
Batting: RHB Tommy Hunter
|
0-0: Ball 1-0: Called Strike 1-1: Ball 2-1: Ball 3-1: Called Strike 3-2: Strikes out looking
|
Bottom of the 1st over - 0 runs, 0 hits, 0 errors, 0 left on base; Brooklyn 0 - Los Angeles (NYP) 0 |
TOP OF THE 2ND |
Brooklyn Cyclones batting - Pitching for Los Angeles (NYP) Dodgers : RHP Paul Schaecher
|
Batting: RHB Victor Reyes
|
0-0: Ball 1-0: Ground out 5-3 (Groundball, 56, EV 107.5 MPH)
|
Batting: SHB Callum Lynch
|
0-0: Ball 1-0: Foul Ball, location: 2F 1-1: Foul Ball, location: 2F 1-2: Ball 2-2: Strikes out swinging
|
Batting: RHB Tom Primmer
|
0-0: Swinging Strike 0-1: Ball 1-1: Swinging Strike 1-2: Strikes out swinging
|
Top of the 2nd over - 0 runs, 0 hits, 0 errors, 0 left on base; Brooklyn 0 - Los Angeles (NYP) 0 |
BOTTOM OF THE 2ND |
Los Angeles (NYP) Dodgers batting - Pitching for Brooklyn Cyclones : RHP David Mejia
|
Batting: RHB Juan Gallegos
|
0-0: Fly out, F4 (Popup, 4M, EV 58.8 MPH)
|
Batting: LHB Fernão Manta
|
0-0: Swinging Strike 0-1: DOUBLE (Line Drive, 9LM, EV 108.1 MPH)
|
Batting: RHB Brad Brady
|
0-0: Ball 1-0: Ball 2-0: Ball 3-0: Called Strike 3-1: Fly out, F8 (Flyball, 8LS, EV 85.6 MPH)
|
Batting: LHB Bobby Gambrell
|
0-0: Ball 1-0: Foul Ball, location: 2F 1-1: Swinging Strike 1-2: Ground out U3 (Groundball, 34, EV 88.8 MPH)
|
Bottom of the 2nd over - 0 runs, 1 hit, 0 errors, 1 left on base; Brooklyn 0 - Los Angeles (NYP) 0 |
TOP OF THE 3RD |
Brooklyn Cyclones batting - Pitching for Los Angeles (NYP) Dodgers : RHP Paul Schaecher
|
Batting: SHB Duri Chilemba
|
0-0: TRIPLE (Flyball, 89XD, EV 105.6 MPH)
|
Batting: RHB Roberto Delgado
|
0-0: SINGLE (Line Drive, 8RS, EV 99.4 MPH) Duri Chilemba scores
|
Batting: LHB Elmo Dreier
|
0-0: SINGLE (Groundball, 34D, EV 93.8 MPH) Roberto Delgado to second Runner from 2nd tries for 3rd, SAFE, throw by RF made to third
|
Batting: RHB Jack Nickleberry
|
0-0: Called Strike 0-1: Foul Ball, location: 2F 0-2: Ball 1-2: Ball 2-2: Strikes out swinging
|
Batting: LHB Miguel Ramos
|
0-0: Called Strike 0-1: SINGLE (Groundball, 4, EV 94.4 MPH) Roberto Delgado scores Elmo Dreier to second
|
Batting: RHB Ryan Marler
|
0-0: Called Strike 0-1: Ball 1-1: Called Strike 1-2: Ball 2-2: Strikes out swinging
|
Batting: RHB Victor Reyes
|
0-0: Called Strike 0-1: Called Strike 0-2: Strikes out looking
|
Top of the 3rd over - 2 runs, 4 hits, 0 errors, 2 left on base; Brooklyn 2 - Los Angeles (NYP) 0 |
BOTTOM OF THE 3RD |
Los Angeles (NYP) Dodgers batting - Pitching for Brooklyn Cyclones : RHP David Mejia
|
Batting: RHB Bob Magana
|
0-0: Ground out 5-3 (Groundball, 56, EV 90.6 MPH)
|
Batting: SHB Josh Vaill
|
0-0: Called Strike 0-1: Ball 1-1: Ball 2-1: Fly out, F8 (Flyball, 8LD, EV 100.0 MPH)
|
Batting: RHB Chad Rojas
|
0-0: Fly out, F9 (Flyball, 9LM, EV 97.5 MPH)
|
Bottom of the 3rd over - 0 runs, 0 hits, 0 errors, 0 left on base; Brooklyn 2 - Los Angeles (NYP) 0 |
TOP OF THE 4TH |
Brooklyn Cyclones batting - Pitching for Los Angeles (NYP) Dodgers : RHP Paul Schaecher
|
Batting: SHB Callum Lynch
|
0-0: Ball 1-0: Ball 2-0: Ground out 4-3 (Groundball, 4, EV 78.1 MPH)
|
Batting: RHB Tom Primmer
|
0-0: Called Strike 0-1: Ball 1-1: Foul Ball, location: 2F 1-2: Foul Ball, location: 2F 1-2: Ground out 3-1 (Groundball, 34, EV 87.5 MPH)
|
Batting: SHB Duri Chilemba
|
0-0: Ball 1-0: Swinging Strike 1-1: Called Strike 1-2: Fly out, F4 (Line Drive, 4M, EV 69.4 MPH)
|
Top of the 4th over - 0 runs, 0 hits, 0 errors, 0 left on base; Brooklyn 2 - Los Angeles (NYP) 0 |
BOTTOM OF THE 4TH |
Los Angeles (NYP) Dodgers batting - Pitching for Brooklyn Cyclones : RHP David Mejia
|
Batting: RHB Adam Maczko
|
0-0: Ball 1-0: Called Strike 1-1: TRIPLE (Line Drive, 89XD, EV 106.2 MPH)
|
Batting: RHB Tommy Hunter
|
0-0: Swinging Strike 0-1: Ball 1-1: Ball 2-1: Foul Ball, location: 2F 2-2: Foul Ball, location: 2F 2-2: Strikes out swinging
|
Batting: RHB Juan Gallegos
|
0-0: Foul Ball, location: 2F 0-1: Swinging Strike 0-2: Strikes out swinging
|
Batting: LHB Fernão Manta
|
0-0: Called Strike 0-1: Called Strike 0-2: Ball 1-2: Ball 2-2: Ball 3-2: Strikes out looking
|
Bottom of the 4th over - 0 runs, 1 hit, 0 errors, 1 left on base; Brooklyn 2 - Los Angeles (NYP) 0 |
TOP OF THE 5TH |
Brooklyn Cyclones batting - Pitching for Los Angeles (NYP) Dodgers : RHP Paul Schaecher
|
Batting: RHB Roberto Delgado
|
0-0: Ball 1-0: Ball 2-0: Ball 3-0: Called Strike 3-1: Swinging Strike 3-2: Strikes out looking
|
Batting: LHB Elmo Dreier
|
0-0: Bunt missed! 0-1: Ball 1-1: Ball 2-1: Foul Ball, location: 2F 2-2: Ground out 3-1 (Groundball, 34S, EV 77.5 MPH)
|
Batting: RHB Jack Nickleberry
|
0-0: Called Strike 0-1: Ball 1-1: Called Strike 1-2: Foul Ball, location: 2F 1-2: Strikes out looking
|
Top of the 5th over - 0 runs, 0 hits, 0 errors, 0 left on base; Brooklyn 2 - Los Angeles (NYP) 0 |
BOTTOM OF THE 5TH |
Los Angeles (NYP) Dodgers batting - Pitching for Brooklyn Cyclones : RHP David Mejia
|
Batting: RHB Brad Brady
|
0-0: Called Strike 0-1: Ball 1-1: Swinging Strike 1-2: SINGLE (Line Drive, 7S, EV 108.8 MPH)
|
Batting: LHB Bobby Gambrell
|
0-0: Ball Brad Brady steals 2nd, throwing error, E2 Brad Brady to third 1-0: Called Strike 1-1: Ball 2-1: Swinging Strike 2-2: Ground out 6-3 (Groundball, 6M, EV 83.8 MPH) Brad Brady scores
|
Batting: RHB Bob Magana
|
0-0: Ball 1-0: Swinging Strike 1-1: Foul Ball, location: 2F 1-2: Strikes out swinging
|
Batting: SHB Josh Vaill
|
0-0: Called Strike 0-1: Called Strike 0-2: Foul Ball, location: 2F 0-2: Ball 1-2: Strikes out swinging
|
Bottom of the 5th over - 1 run, 1 hit, 1 error, 0 left on base; Brooklyn 2 - Los Angeles (NYP) 1 |
TOP OF THE 6TH |
Brooklyn Cyclones batting - Pitching for Los Angeles (NYP) Dodgers : RHP Paul Schaecher
|
Batting: LHB Miguel Ramos
|
0-0: DOUBLE (Line Drive, 89D, EV 108.1 MPH)
|
Batting: RHB Ryan Marler
|
0-0: Intentional Walk
|
Batting: RHB Victor Reyes
|
0-0: Swinging Strike 0-1: Called Strike 0-2: Ball 1-2: Ball 2-2: Strikes out swinging
|
Pitching: RHP Angel Rivas
|
|
Batting: SHB Callum Lynch
|
0-0: Ball 1-0: SINGLE (Groundball, 4MD, EV 103.8 MPH) Miguel Ramos to third Ryan Marler to second
|
Batting: RHB Tom Primmer
|
0-0: Swinging Strike 0-1: Foul Ball, location: 2F 0-2: Strikes out looking
|
Batting: SHB Duri Chilemba
|
0-0: Fielders Choice at 2nd, 6-4 (Groundball, 6, EV 76.9 MPH)
|
Top of the 6th over - 0 runs, 2 hits, 0 errors, 3 left on base; Brooklyn 2 - Los Angeles (NYP) 1 |
BOTTOM OF THE 6TH |
Los Angeles (NYP) Dodgers batting - Pitching for Brooklyn Cyclones : RHP David Mejia
|
Batting: RHB Chad Rojas
|
0-0: Foul Ball, location: 2F 0-1: Ball 1-1: Foul Ball, location: 2F 1-2: Foul Ball, location: 2F 1-2: Strikes out swinging
|
Batting: RHB Adam Maczko
|
0-0: Ball 1-0: DOUBLE (Line Drive, 89M, EV 114.4 MPH) - OUT at third base trying to stretch hit.
|
Batting: RHB Tommy Hunter
|
0-0: Called Strike 0-1: Fly out, F9 (Line Drive, 9LM, EV 91.2 MPH)
|
Bottom of the 6th over - 0 runs, 1 hit, 0 errors, 0 left on base; Brooklyn 2 - Los Angeles (NYP) 1 |
TOP OF THE 7TH |
Brooklyn Cyclones batting - Pitching for Los Angeles (NYP) Dodgers : RHP Angel Rivas
|
Batting: LHB Brian Levensailor
|
0-0: Called Strike 0-1: Ball 1-1: Ball 2-1: SINGLE (Groundball, 56D, EV 104.4 MPH)
|
Batting: LHB Elmo Dreier
|
0-0: Ball Brian Levensailor steals 2nd base 1-0: Foul Ball, location: 2F 1-1: Ball 2-1: Bunt missed! 2-2: Fly out, F4 (Popup, 23, EV 43.1 MPH)
|
Batting: RHB Jack Nickleberry
|
0-0: Called Strike 0-1: Ball 1-1: Swinging Strike 1-2: Foul Ball, location: 2F 1-2: Foul Ball, location: 2F 1-2: Strikes out looking
|
Batting: LHB Miguel Ramos
|
0-0: Called Strike 0-1: Swinging Strike 0-2: Fly out, F7 (Flyball, 78D, EV 93.1 MPH)
|
Top of the 7th over - 0 runs, 1 hit, 0 errors, 1 left on base; Brooklyn 2 - Los Angeles (NYP) 1 |
BOTTOM OF THE 7TH |
Los Angeles (NYP) Dodgers batting - Pitching for Brooklyn Cyclones : RHP David Mejia
|
Batting: RHB Juan Gallegos
|
0-0: Ball 1-0: Foul Ball, location: 2F 1-1: Called Strike 1-2: Ground out 6-3 (Groundball, 6M, EV 80.0 MPH)
|
Batting: LHB Fernão Manta
|
0-0: Ball 1-0: DOUBLE (Line Drive, 89D, EV 103.1 MPH)
|
Batting: RHB Brad Brady
|
0-0: Called Strike 0-1: Ball 1-1: Swinging Strike 1-2: Ball 2-2: Strikes out swinging
|
Pitching: LHP Jose Diaz
|
|
Batting: LHB Bobby Gambrell
|
0-0: Called Strike 0-1: Foul Ball, location: 2F 0-2: Foul Ball, location: 2F 0-2: Ball 1-2: Foul Ball, location: 2F 1-2: DOUBLE (Line Drive, 78D, EV 113.8 MPH) Fernão Manta scores
|
Pitching: RHP Felipe Hinojosa
|
|
Batting: RHB Bob Magana
|
0-0: Called Strike 0-1: Ball 1-1: Called Strike 1-2: Fly out, F9 (Line Drive, 9S, EV 98.8 MPH)
|
Bottom of the 7th over - 1 run, 2 hits, 0 errors, 1 left on base; Brooklyn 2 - Los Angeles (NYP) 2 |
TOP OF THE 8TH |
Brooklyn Cyclones batting - Pitching for Los Angeles (NYP) Dodgers : RHP Angel Rivas
|
Pitching: RHP Balinda Msrah
|
|
Batting: RHB Ryan Marler
|
0-0: Ground out 5-3 (Groundball, 56, EV 81.2 MPH)
|
Pinch Hitting: RHB Jayden Copeland
|
0-0: Ball 1-0: Called Strike 1-1: Called Strike 1-2: Ball 2-2: SINGLE (Groundball, 6MD, EV 103.1 MPH)
|
Batting: SHB Callum Lynch
|
0-0: Swinging Strike 0-1: Ball 1-1: Bunt missed! 1-2: Ball 2-2: Foul Ball, location: 2F 2-2: SINGLE (Groundball, 4MD, EV 104.4 MPH) Jayden Copeland to second
|
Pinch Hitting: SHB Salvador Gomez
|
0-0: Called Strike 0-1: Foul Ball, location: 2F 0-2: SINGLE (Line Drive, 56, EV 103.1 MPH) Jayden Copeland to third Callum Lynch to second
|
Pinch Hitting: RHB Frank Shaw
|
0-0: Foul Ball, location: 2F 0-1: Ball 1-1: Ball 2-1: Foul Ball, location: 2F 2-2: Foul Ball, location: 2F 2-2: Ball 3-2: Strikes out swinging
|
Batting: LHB Brian Levensailor
|
0-0: Ball 1-0: Ground out U3 (Groundball, 34S, EV 86.9 MPH)
|
Top of the 8th over - 0 runs, 3 hits, 0 errors, 3 left on base; Brooklyn 2 - Los Angeles (NYP) 2 |
BOTTOM OF THE 8TH |
Los Angeles (NYP) Dodgers batting - Pitching for Brooklyn Cyclones : RHP Felipe Hinojosa
|
Now at 2B: Salvador Gomez
|
|
Now at 3B: Trent Hood
|
|
Now in LF: Ryan Brown
|
|
Batting: SHB Josh Vaill
|
0-0: Called Strike 0-1: Swinging Strike 0-2: Strikes out swinging
|
Batting: RHB Chad Rojas
|
0-0: Fly out, F7 (Flyball, 7, EV 85.0 MPH)
|
Batting: RHB Adam Maczko
|
0-0: Swinging Strike 0-1: Foul Ball, location: 2F 0-2: Ball 1-2: Fly out, F8 (Line Drive, 8RM, EV 105.6 MPH)
|
Bottom of the 8th over - 0 runs, 0 hits, 0 errors, 0 left on base; Brooklyn 2 - Los Angeles (NYP) 2 |
TOP OF THE 9TH |
Brooklyn Cyclones batting - Pitching for Los Angeles (NYP) Dodgers : RHP Balinda Msrah
|
Batting: LHB Elmo Dreier
|
0-0: Called Strike 0-1: Foul Ball, location: 2F 0-2: Ground out U3 (Groundball, 3, EV 86.9 MPH)
|
Batting: RHB Jack Nickleberry
|
0-0: Ball 1-0: Ball 2-0: Foul Ball, location: 2F 2-1: DOUBLE (Groundball, 5L, EV 94.4 MPH)
|
Batting: LHB Miguel Ramos
|
0-0: Intentional Walk
|
Batting: RHB Ryan Marler
|
0-0: Ball 1-0: Ball Jack Nickleberry steals 3rd, throwing error, E2 Jack Nickleberry scores Miguel Ramos to third 2-0: Intentional Walk
|
Batting: RHB Trent Hood
|
0-0: Fielders Choice at 2nd, 4-6 (Groundball, 4, EV 86.9 MPH) Miguel Ramos scores
|
Batting: SHB Callum Lynch
|
0-0: Called Strike 0-1: Ground out 4-3 (Groundball, 4M, EV 98.8 MPH)
|
Top of the 9th over - 2 runs, 1 hit, 1 error, 1 left on base; Brooklyn 4 - Los Angeles (NYP) 2 |
BOTTOM OF THE 9TH |
Los Angeles (NYP) Dodgers batting - Pitching for Brooklyn Cyclones : RHP Felipe Hinojosa
|
Now at 1B: Salvador Gomez
|
|
Now at 2B: Matt Tittle
|
|
Now in CF: Jake Geib
|
|
Now in RF: Callum Lynch
|
|
Batting: RHB Tommy Hunter
|
0-0: Called Strike 0-1: Called Strike 0-2: Ball 1-2: Ball 2-2: Ball 3-2: Base on Balls
|
Batting: RHB Juan Gallegos
|
0-0: Called Strike 0-1: SINGLE (Line Drive, 89S, EV 105.6 MPH) Tommy Hunter to second
|
Batting: LHB Fernão Manta
|
0-0: Ball 1-0: Called Strike 1-1: Ball 2-1: Swinging Strike 2-2: SINGLE (Groundball, 4MD, EV 97.5 MPH) Tommy Hunter to third Juan Gallegos to second
|
Batting: RHB Brad Brady
|
0-0: Swinging Strike 0-1: Called Strike 0-2: Ball 1-2: Strikes out swinging
|
Pitching: RHP Brett Cooke
|
|
Batting: LHB Bobby Gambrell
|
0-0: Ball 1-0: Called Strike 1-1: Called Strike 1-2: Strikes out looking
|
Batting: RHB Bob Magana
|
0-0: Ball 1-0: Swinging Strike 1-1: Foul Ball, location: 2F 1-2: Ball 2-2: Foul Ball, location: 2F 2-2: Foul Ball, location: 2F 2-2: Ball 3-2: Base on Balls Tommy Hunter scores Juan Gallegos to third Fernão Manta to second
|
Batting: SHB Josh Vaill
|
0-0: SINGLE (Groundball, 56S, EV 67.5 MPH) (infield hit) Juan Gallegos scores Fernão Manta to third Bob Magana to second
|
Batting: RHB Chad Rojas
|
0-0: Ball 1-0: Ball 2-0: Ground out U3 (Groundball, 34, EV 83.1 MPH)
|
Bottom of the 9th over - 2 runs, 3 hits, 0 errors, 3 left on base; Brooklyn 4 - Los Angeles (NYP) 4 |
TOP OF THE 10TH |
Brooklyn Cyclones batting - Pitching for Los Angeles (NYP) Dodgers : RHP Balinda Msrah
|
Batting: SHB Salvador Gomez
|
0-0: Ball 1-0: Swinging Strike 1-1: Called Strike 1-2: Ball 2-2: Foul Ball, location: 2F 2-2: Ground out 5-3 (Groundball, 5, EV 85.0 MPH)
|
Batting: SHB Ryan Brown
|
0-0: Called Strike 0-1: SINGLE (Groundball, 6, EV 95.6 MPH)
|
Batting: LHB Brian Levensailor
|
0-0: Ball Ryan Brown steals 2nd base 1-0: SINGLE (Groundball, 4D, EV 103.8 MPH) Ryan Brown to third Runner from 3rd tries for Home, throw by RF and OUT! 9-2
|
Batting: LHB Elmo Dreier
|
0-0: Called Strike 0-1: Ground out U3 (Groundball, 3L, EV 111.9 MPH)
|
Top of the 10th over - 0 runs, 2 hits, 0 errors, 1 left on base; Brooklyn 4 - Los Angeles (NYP) 4 |
BOTTOM OF THE 10TH |
Los Angeles (NYP) Dodgers batting - Pitching for Brooklyn Cyclones : RHP Brett Cooke
|
Batting: RHB Adam Maczko
|
0-0: Ball 1-0: Called Strike 1-1: Foul Ball, location: 2F 1-2: Strikes out swinging
|
Pitching: RHP Todd Cox
|
|
Batting: RHB Tommy Hunter
|
0-0: Ball 1-0: Called Strike 1-1: Swinging Strike 1-2: Strikes out looking
|
Batting: RHB Juan Gallegos
|
0-0: Called Strike 0-1: Ball 1-1: Ball 2-1: Swinging Strike 2-2: Strikes out looking
|
Bottom of the 10th over - 0 runs, 0 hits, 0 errors, 0 left on base; Brooklyn 4 - Los Angeles (NYP) 4 |
TOP OF THE 11TH |
Brooklyn Cyclones batting - Pitching for Los Angeles (NYP) Dodgers : RHP Balinda Msrah
|
Batting: RHB Jake Geib
|
0-0: Ball 1-0: Foul Ball, location: 2F 1-1: Ball 2-1: Foul Ball, location: 2F 2-2: SINGLE (Line Drive, 89S, EV 108.8 MPH)
|
Pitching: RHP Nick Vigh
|
|
Batting: RHB Matt Tittle
|
0-0: Foul Ball, location: 2F 0-1: Foul Ball, location: 2F 0-2: Ball 1-2: Ball 2-2: Strikes out swinging
|
Batting: RHB Ryan Marler
|
0-0: Ball 1-0: Ball 2-0: SINGLE (Line Drive, 4D, EV 94.4 MPH) Jake Geib to second Runner from 2nd tries for 3rd, OUT! 9-5
|
Batting: RHB Trent Hood
|
0-0: Called Strike 0-1: Swinging Strike 0-2: Ball 1-2: Ball 2-2: SINGLE (Flyball, 9S, EV 94.4 MPH) Ryan Marler to second Runner from 2nd tries for 3rd, SAFE, throw by RF made to third
|
Pinch Runner at 3rd Frank Shelton:
|
|
Batting: SHB Callum Lynch
|
0-0: Called Strike 0-1: Ball 1-1: Ball 2-1: Ball 3-1: Base on Balls Trent Hood to second
|
Batting: SHB Salvador Gomez
|
0-0: Foul Ball, location: 2F 0-1: Foul Ball, location: 2F 0-2: Strikes out swinging
|
Top of the 11th over - 0 runs, 3 hits, 0 errors, 3 left on base; Brooklyn 4 - Los Angeles (NYP) 4 |
BOTTOM OF THE 11TH |
Los Angeles (NYP) Dodgers batting - Pitching for Brooklyn Cyclones : RHP Todd Cox
|
Now at C: Frank Shelton
|
|
Batting: LHB Fernão Manta
|
0-0: Ball 1-0: Ball 2-0: Ball 3-0: Called Strike 3-1: Foul Ball, location: 2F 3-2: Ground out 4-3 (Groundball, 4, EV 88.8 MPH)
|
Batting: RHB Brad Brady
|
0-0: Foul Ball, location: 2F 0-1: Swinging Strike 0-2: Ball 1-2: Ball 2-2: Ball 3-2: Ground out 6-3 (Groundball, 6, EV 85.6 MPH)
|
Batting: LHB Bobby Gambrell
|
0-0: Ball 1-0: Ball 2-0: Ball 3-0: Called Strike 3-1: Fly out, F6 (Popup, 56D, EV 55.0 MPH)
|
Bottom of the 11th over - 0 runs, 0 hits, 0 errors, 0 left on base; Brooklyn 4 - Los Angeles (NYP) 4 |
TOP OF THE 12TH |
Brooklyn Cyclones batting - Pitching for Los Angeles (NYP) Dodgers : RHP Nick Vigh
|
Batting: SHB Ryan Brown
|
0-0: Ground out 5-3 (Groundball, 5, EV 103.8 MPH)
|
Batting: LHB Brian Levensailor
|
0-0: Ball 1-0: Foul Ball, location: 2F 1-1: Ball 2-1: Ball 3-1: Called Strike 3-2: Ground out 4-3 (Groundball, 34D, EV 96.2 MPH)
|
Batting: LHB Elmo Dreier
|
0-0: Called Strike 0-1: Ball 1-1: SINGLE (Groundball, 56D, EV 101.2 MPH)
|
Batting: RHB Jake Geib
|
0-0: Called Strike 0-1: Foul Ball, location: 2F 0-2: Strikes out swinging
|
Top of the 12th over - 0 runs, 1 hit, 0 errors, 1 left on base; Brooklyn 4 - Los Angeles (NYP) 4 |
BOTTOM OF THE 12TH |
Los Angeles (NYP) Dodgers batting - Pitching for Brooklyn Cyclones : RHP Todd Cox
|
Batting: RHB Bob Magana
|
0-0: Swinging Strike 0-1: Swinging Strike 0-2: DOUBLE (Line Drive, 9LD, EV 105.6 MPH)
|
Batting: SHB Josh Vaill
|
0-0: Ball 1-0: Called Strike 1-1: Ball 2-1: Foul Ball, location: 2F 2-2: Strikes out swinging
|
Batting: RHB Chad Rojas
|
0-0: Called Strike 0-1: Ground out 6-3 (Groundball, 6, EV 107.5 MPH)
|
Batting: RHB Adam Maczko
|
0-0: Called Strike 0-1: Ball 1-1: Swinging Strike 1-2: Foul Ball, location: 2F 1-2: Ball 2-2: Strikes out looking
|
Bottom of the 12th over - 0 runs, 1 hit, 0 errors, 1 left on base; Brooklyn 4 - Los Angeles (NYP) 4 |
TOP OF THE 13TH |
Brooklyn Cyclones batting - Pitching for Los Angeles (NYP) Dodgers : RHP Nick Vigh
|
Batting: RHB Matt Tittle
|
0-0: Ball 1-0: Ball 2-0: Swinging Strike 2-1: Foul Ball, location: 2F 2-2: Ball 3-2: Ground out 6-3 (Groundball, 6S, EV 86.9 MPH)
|
Pitching: RHP Alfredo Sanchez
|
|
Batting: RHB Frank Shelton
|
0-0: Ball 1-0: Ball 2-0: Ball 3-0: Called Strike 3-1: Base on Balls
|
Batting: RHB Trent Hood
|
0-0: Ball 1-0: Ball Wild Pitch! Frank Shelton to second 2-0: Called Strike 2-1: Foul Ball, location: 2F 2-2: Ball 3-2: Base on Balls
|
Batting: SHB Callum Lynch
|
0-0: Ball 1-0: Ball 2-0: Called Strike 2-1: Swinging Strike 2-2: Ball 3-2: Strikes out swinging
|
Batting: SHB Salvador Gomez
|
0-0: Ball 1-0: Foul Ball, location: 2F 1-1: Fly out, F4 (Line Drive, 4, EV 72.5 MPH)
|
Top of the 13th over - 0 runs, 0 hits, 0 errors, 2 left on base; Brooklyn 4 - Los Angeles (NYP) 4 |
BOTTOM OF THE 13TH |
Los Angeles (NYP) Dodgers batting - Pitching for Brooklyn Cyclones : RHP Todd Cox
|
Batting: RHB Tommy Hunter
|
0-0: Ball 1-0: Swinging Strike 1-1: SOLO HOME RUN (Flyball, 7LD, EV 92.5 MPH), Distance : 349 ft
|
Bottom of the 13th over - 1 run, 1 hit, 0 errors, 0 left on base; Brooklyn 4 - Los Angeles (NYP) 5 |
|